 Dungeon Crawl Stone Soup version 0.19-a0-1091-g463c9de (webtiles) character file.

881 Jmtri7 the Nimble (level 8, 0/56 HPs)
             Began as a Merfolk Gladiator on Aug 7, 2016.
             Slain by Edmund
             ... wielding a +3 flail of draining
              (10 damage)
             ... on level 5 of the Dungeon.
             The game lasted 00:09:48 (4776 turns).

Jmtri7 the Nimble (Merfolk Gladiator)               Turns: 4776, Time: 00:09:49

Health: 0/56       AC:  6    Str: 16    XL:     8   Next: 5%
Magic:  8/8        EV: 14    Int:  7    God:
Gold:   246        SH:  0    Dex: 16    Spells: 0 memorised, 7 levels left

rFire  . . .     SeeInvis +     a - +0 long sword
rCold  . . .     Gourm    .     p - +0 robe
rNeg   . . .     Faith    .     (no shield)
rPois  .         Spirit   .     c - +0 helmet
rElec  .         Dismiss  .     e - +2 cloak
rCorr  .         Reflect  .     (no gloves)
SustAt .         Harm     .     (no boots)
MR     .....                    (no amulet)
Stlth  ++........               n - ring of see invisible
                                (no ring)

@: very heavily drained
A: change form in water, swift swim
a: no special abilities


You were on level 5 of the Dungeon.
You were not hungry.

You visited 1 branch of the dungeon, and saw 5 of its levels.

You collected 246 gold pieces.

Inventory:

Hand Weapons
 a - a +0 long sword (weapon)
Missiles
 d - 5 throwing nets (quivered)
Armour
 c - a +0 helmet (worn)
 e - a +2 cloak (worn)
 p - a +0 robe (worn)
Jewellery
 n - a ring of see invisible (right hand)
Wands
 t - a wand of acid (4/15)
Scrolls
 b - 4 scrolls of identify
 h - a scroll of magic mapping
 j - a scroll of teleportation {unknown}
 r - a scroll of enchant weapon {unknown}
 w - 2 scrolls of amnesia {unknown}
 x - a scroll of immolation {unknown}
Potions
 g - a potion of invisibility {unknown}
 i - 5 potions of curing
 l - a potion of cancellation {unknown}
 m - a potion of agility {unknown}
 o - a potion of flight {unknown}
 q - a potion of haste {unknown}
 s - 2 potions of magic {unknown}
 v - 2 potions of heal wounds {unknown}
Books
 u - a book of Alchemy

   Spells                             Type                      Level
   a - Sublimation of Blood           Necromancy                   2
   b - Ignite Poison                  Fire/Transmutation/Poison    3
   c - Petrify                        Transmutation/Earth          4
   d - Alistair's Intoxication        Transmutation/Poison         5
   e - Irradiate                      Conjuration/Transmutation    5
Comestibles
 f - 3 bread rations


   Skills:
 - Level 2.1(0.0) Fighting
 - Level 3.2(0.0) Long Blades
 - Level 2.0(0.0) Throwing
 + Level 9.9(3.3) Dodging
 - Level 6.3(0.3) Stealth


You had 7 spell levels left.
You didn't know any spells.

Dungeon Overview and Level Annotations

Branches:
Dungeon (5/15)
 Temple: D:4-7

Altars:
Elyvilon

Annotations:
D:5 Edmund


Message History

Edmund is moderately wounded.
Edmund barely misses you.
You riposte.
You hit Edmund but do no damage.
Edmund is moderately wounded.
You closely miss Edmund.
Edmund is moderately wounded.
Edmund hits you with a flail of draining.
You feel drained.
You slash Edmund!
Edmund is moderately wounded.
Edmund hits you with a flail of draining.
You feel drained. Edmund closely misses you.
You riposte.
You hit Edmund.
Edmund is heavily wounded.
You hit Edmund.
Edmund is heavily wounded.
Edmund hits you with a flail of draining!
* * * LOW HITPOINT WARNING * * *
You feel drained.
* * * LOW HITPOINT WARNING * * *
Edmund hits you with a flail of draining!
You die...

#.#.# #.#(#
##.#.#
#.#####.(..###..
#.......<......#
.#####..#######
#..# #.@# #@.#
#..# #..# #..#
.#######..#
..........####
#..#.##.....[.#
#..#.##.#####.#
#)....#.## #.#


You could see Edmund.

Vanquished Creatures
  Sigmund (D:5)
  A sky beast (D:5)
  A centaur (D:5)
  An ogre (D:5)
  A crimson imp (D:5)
  A hound (D:4)
  A centaur skeleton (D:5)
  An orc wizard (D:4)
  2 orc priests (D:4)
  A worker ant (D:4)
  A hound skeleton (D:4)
  3 gnolls (D:3)
  12 adders
  An adder skeleton (D:4)
  2 dart slugs (D:4)
  5 giant geckos
  6 orcs
  4 giant cockroaches
  7 goblins
  3 hobgoblins
  10 jackals
  5 quokkas
  3 ball pythons
  8 bats
  A giant gecko skeleton (D:4)
  8 giant newts
  7 kobolds
  A quokka skeleton (D:4)
  2 rats
100 creatures vanquished.

Vanquished Creatures (others)
  Natasha (D:2)
1 creature vanquished.

Grand Total: 101 creatures vanquished

Notes
Turn   | Place    | Note
-------+----------+-------------------------------------------
     0 | D:1      | Jmtri7 the Merfolk Gladiator began the quest for the Orb.
     0 | D:1      | Reached XP level 1. HP: 16/16 MP: 1/1
   227 | D:1      | Reached skill level 1 in Stealth
   237 | D:1      | Reached XP level 2. HP: 8/22 MP: 2/2
   849 | D:2      | Reached XP level 3. HP: 15/27 MP: 3/3
  1258 | D:2      | Noticed Natasha
  1266 | D:2      | Killed Natasha
  1266 | D:2      | Reached XP level 4. HP: 3/33 MP: 4/4
  1550 | D:2      | Found a white marble altar of Elyvilon.
  1705 | D:2      | Reached skill level 5 in Stealth
  1929 | D:3      | Reached XP level 5. HP: 27/38 MP: 5/5
  2832 | D:4      | Reached skill level 5 in Dodging
  2832 | D:4      | Reached XP level 6. HP: 34/44 MP: 6/6
  3211 | D:4      | Reached skill level 6 in Dodging
  3845 | D:5      | Entered Level 5 of the Dungeon
  3861 | D:5      | Reached XP level 7. HP: 48/50 MP: 7/7
  3862 | D:5      | Reached skill level 7 in Dodging
  3880 | D:5      | Noticed Edmund
  4160 | D:5      | Noticed Sigmund
  4201 | D:5      | Killed Sigmund
  4201 | D:5      | Reached skill level 8 in Dodging
  4257 | D:5      | Reached skill level 9 in Dodging
  4363 | D:5      | Reached XP level 8. HP: 56/56 MP: 8/8
  4776 | D:5      | Slain by Edmund

Vault maps used:
D:1:      dpeg_arrival_three_same_balls
D:2:      nicolae_overflow_crystal_walls, uniq_natasha
D:5:      grunt_temple_overflow_lords_of_destruction, first_bread, uniq_sigmund,
          uniq_duvessa, uniq_edmund

Skill      XL: |  1  2  3  4  5  6  7 |
---------------+----------------------+-----
Stealth        | 2 3 4 5 6 |  6.3
Dodging        | 5 6 9 |  9.9
Fighting       | |  2.1
Long Blades    | |  3.2
Throwing       | |  2.0

Action                   |  1- 3 |  4- 6 |  7- 9 || total
-------------------------+-------+-------+-------++-------
Melee: Long sword        |   141 |   236 |   108 ||   485
  Use: Scroll            |     2 |     2 |       ||     4
 Stab: Sleeping          |       |     9 |       ||     9
  Eat: Chunk             |     1 |     7 |     2 ||    10
       Pizza             |       |     1 |       ||     1
       Meat ration       |       |       |     1 ||     1
Armor: Skin              |    23 |    26 |       ||    49
       Robe              |       |    18 |    14 ||    32
Dodge: Dodged            |   112 |   149 |    72 ||   333
